 Dungeon Crawl Stone Soup version 0.31-a0-231-g51bb95cda3 (webtiles) character file.

Game seed: 4173039676777660233

55 qw the Shooter (level 3, -1/29 HPs)
             Began as a Minotaur Hexslinger on July 6, 2023.
             Slain by a goblin
             ... wielding a +0 dagger
             ... led by Robin
              (2 damage)
             ... on level 2 of the Dungeon.
             The game lasted 00:00:31 (1386 turns).

qw the Shooter (Minotaur Hexslinger)                Turns: 1386, Time: 00:00:31

Health: -1/29      AC:  2    Str: 12    XL:     3   Next: 67%
Magic:  3/3        EV: 12    Int: 10    God:
Gold:   100        SH:  0    Dex: 14    Spells: 3/4 levels left

rFire   . . .        Y - +2 sling
rCold   . . .        (no shield)
rNeg    . . .        c - +0 robe
rPois   .            (helmet restricted)
rElec   .            (no cloak)
rCorr   .            (no gloves)
SInv    .            (no boots)
Will    .....        (no amulet)
Stlth   +            (no ring)
HPRegen 0.24/turn    (no ring)
MPRegen 0.08/turn

%: no passive effects
@: no status effects
A: horns 2, retaliatory headbutt
a: no special abilities


You were on level 2 of the Dungeon.
You visited 1 branch of the dungeon, and saw 4 of its levels.

You collected 100 gold pieces.


Innate Abilities, Weirdness & Mutations

You have a pair of horns on your head.
You reflexively headbutt those who attack you in melee.


   Skills:
 - Level 2.0 Fighting
 + Level 4.2 Ranged Weapons
 - Level 2.1 Dodging
 - Level 1.0 Spellcasting
 - Level 2.0 Hexes


You had 3 spell levels left.
You knew the following spells:

 Your Spells              Type           Power      Damage    Failure   Level
a - Slow                  Hex            16%        N/A       16%         1

Your spell library contained the following spells:

 Spells                   Type           Power      Damage    Failure   Level
 Inner Flame              Hex/Fire       2%         N/A       56%         3
 Portal Projectile        Hex/Tloc       4%         N/A       56%         3
 Cause Fear               Hex            2%         N/A       83%         4

Inventory:

Hand Weapons
 Y - a +2 sling (weapon)
Armour
 c - a +0 robe (worn)
 f - a +0 pair of boots
Jewellery
 g - an amulet of the acrobat
Scrolls
 b - a scroll of vulnerability {unknown}
 d - a scroll of torment {unknown}
Potions
 a - a potion of attraction {unknown}
 e - 2 potions of heal wounds {unknown}
 h - 3 potions of curing {unknown}

Dungeon Overview and Level Annotations

Branches:
Dungeon (4/15)
 Temple: D:4-7

Altars:

Annotations:
D:2 Robin


Message History

You shoot a sling bullet.
The sling bullet closely misses the goblin.
The goblin closely misses you. You furiously retaliate!
You headbutt the goblin. The goblin closely misses you.
The goblin hits you with a +0 dagger.
You shoot a sling bullet.
The sling bullet barely misses the goblin.
The goblin barely misses you. The goblin hits you with a +0 club.
You shoot a sling bullet.
The sling bullet closely misses the goblin.
The sling bullet hits the goblin!
You kill the goblin!
The jackal barely misses you. The goblin hits you but does no damage.
The goblin hits you with a +0 dagger. x2; The jackal barely misses you.
The goblin closely misses you. You furiously retaliate!
You headbutt the goblin!
You kill the goblin!
The goblin hits you with a +0 dagger. The goblin hits you but does no damage.
Robin roars a battlecry!
The goblins go into a battle-frenzy!
You shoot a sling bullet.
The sling bullet closely misses the goblin.
The goblin hits you but does no damage. x2; The jackal barely misses you.
The jackal misses you.
You shoot a sling bullet. The sling bullet hits the goblin.
You kill the goblin!
The jackal bites you. The goblin hits you with a +0 dagger.
You shoot a sling bullet. The sling bullet hits the jackal.
The jackal is almost dead.
The jackal barely misses you. The hobgoblin misses you. The goblin misses you.
You shoot a sling bullet. The sling bullet hits the jackal.
You kill the jackal!
The goblin hits you with a +0 dagger. The hobgoblin misses you.
The jackal barely misses you. The jackal completely misses you.
You shoot a sling bullet. The sling bullet hits the jackal.
The jackal is heavily wounded.
Robin roars a battlecry!
The hobgoblin goes into a battle-frenzy!
The goblin barely misses you. The hobgoblin hits you. The jackal bites you.
The jackal bites you but does no damage.
The hobgoblin hits you. The goblin hits you with a +0 dagger.
You die...

.................# #.
.................# ...
#. #................#
... . #.
########.........# .. ..
#######.
#############....#.. ...
#.......
.................#. ....
#.#####.
................g' )....
.......>
####.########..gh#g.....
#.#####. ##.....##
###g@hh..... #.
#.......# ##############
#. #~.....~#
#..........# #.
#~~...~~# #.########.#
#. #~~...~~# #.# #%# #.
#~~.).~~# ###.##### #.#
#. #~~...~~# #.......#
#.# #. #~~..)~~#
#.......# #.# #.
#~~...~~# #.......# #.#
#.


You could see 3 jackals, 2 hobgoblins and 2 goblins.

Vanquished Creatures
  2 dart slugs
  6 ball pythons
  2 endoplasms (D:1)
  10 goblins
  3 hobgoblins (D:1)
  A jackal (D:2)
  3 quokkas
  4 bats
  3 frilled lizards (D:1)
  9 kobolds
  2 rats
45 creatures vanquished.

Notes
Turn   | Place    | Note
-------+----------+-------------------------------------------
     0 | D:1      | qw the Minotaur Hexslinger began the quest for the Orb.
     0 | D:1      | Reached XP level 1. HP: 16/16 MP: 1/1
     0 | D:1      | 0 ||| qw: Version: 0.3-a-46-gb1f654a
     0 | D:1      | 0 ||| qw: Game counter: 1863
     0 | D:1      | 0 ||| qw: Melee chars always use a shield: true
     0 | D:1      | 0 ||| qw: God list: Okawaru
     0 | D:1      | 0 ||| qw: Allow faded altars: false
     0 | D:1      | 0 ||| qw: Do Orc after clearing Dungeon:15 true
     0 | D:1      | 0 ||| qw: Do second Lair branch before Depths: true
     0 | D:1      | 0 ||| qw: Lair rune preference: random
     0 | D:1      | 0 ||| qw: Goals: Normal
     0 | D:1      | 0 ||| PLANNING D:1-11
   122 | D:1      | Reached skill level 3 in Ranged Weapons
   155 | D:1      | Reached XP level 2. HP: 23/23 MP: 2/2
   548 | D:1      | Reached XP level 3. HP: 29/29 MP: 3/3
   852 | D:1      | 852 ||| READING scroll labelled LEPHIMICZYM.
   855 | D:1      | 855 ||| READING scroll labelled YGUMUCZ RONIS.
   856 | D:1      | 856 ||| READING scroll labelled JILLAE ABURET.
   857 | D:1      | 857 ||| DROPPING scroll of poison.
   890 | D:2      | 890 ||| FLEEEEING.
   892 | D:2      | 892 ||| STAIRDANCE
   954 | D:2      | You fall into a shaft and drop 2 floors!
   968 | D:3      | 968 ||| FLEEEEING.
   969 | D:3      | 969 ||| FLEEEEING.
   970 | D:3      | 970 ||| STAIRDANCE
  1296 | D:2      | Reached skill level 4 in Ranged Weapons
  1377 | D:2      | Noticed Robin
  1386 | D:2      | HP: 7/29 [hobgoblin[Robin] (2)]
  1386 | D:2      | HP: 1/29 [hobgoblin[Robin] (3)]
  1386 | D:2      | Slain by a goblin

Levels and vault maps discovered:
D:1:      minmay_arrival_semitransparent, layout_loops_corners,
          serial_park_tiny_1
D:2:      minmay_kobold_bridge, layout_basic, uniq_robin
D:3:      layout_rooms, uniq_crazy_yiuf_cottage
D:4:      layout_basic, lemuel_crystal_altar

Skill      XL: |  1  2  3 |
---------------+----------+-----
Ranged Weapons | 3 4 |  4.2
Fighting       | 2 |  2.0
Dodging        | |  2.1
Spellcasting   | |  1.0
Hexes          | |  2.0

Action                     || total
---------------------------++-------
   Fire: Sling             ||   115
    Use: Scroll            ||     3
 Armour: Robe              ||    10
  Dodge: Dodged            ||    43

Table legend:
 A = Non-vault XP
 B = Vault XP
 C = Vault XP percentage of total XP
 D = Non-vault monster count
 E = Vault monster count
 F = Vault count percentage of total count
                 A         B        C        D         E       F
            +---------+---------+-------+---------+---------+-------
      Total |      63 |      16 |  20.3 |      36 |       9 |  20.0
            +---------+---------+-------+---------+---------+-------
        D:1 |      47 |       0 |   0.0 |      28 |       0 |   0.0
        D:2 |      16 |      16 |  50.0 |       8 |       9 |  52.9
            +---------+---------+-------+---------+---------+-------
